 Dungeon Crawl Stone Soup version 0.28.0-53-g5a82cb258f (webtiles) character file.

Game seed: 10017498977599968417

173 pkoi the Gusty (level 5, -4/38 HPs)
             Began as a Demigod Air Elementalist on May 31, 2022.
             Slain by Menkaure (11 damage)
             ... on level 4 of the Dungeon.
             The game lasted 00:04:19 (3646 turns).

pkoi the Gusty (Demigod Air Elementalist)           Turns: 3646, Time: 00:04:19

Health: -4/38      AC:  4    Str:  9    XL:     5   Next: 6%
Magic:  2/10       EV: 12    Int: 21    God:
Gold:   74         SH:  0    Dex: 14    Spells: 2/8 levels left

rFire   . . .      SeeInvis .   j - +2 dagger (protect)
rCold   . . .      Faith    .   (no shield)
rNeg    . . .      Spirit   .   a - +0 robe
rPois   .          Reflect  .   o - +0 helmet
rElec   .          Harm     .   k - +0 cloak
rCorr   .          Rampage  .   (no gloves)
Will    .....                   (no boots)
Stlth   ++........              (no amulet)
HPRegen 0.12/turn               (no ring)
MPRegen 0.12/turn               (no ring)

@: very slightly contaminated
A: high MP 1, forlorn, divine attributes
a: no special abilities


You were on level 4 of the Dungeon.
You visited 1 branch of the dungeon, and saw 4 of its levels.

You collected 74 gold pieces.

Inventory:

Hand Weapons
 j - a +2 dagger of protection (weapon)
Missiles
 d - 9 poisoned darts
Armour
 a - a +0 robe (worn)
 k - a +0 cloak (worn)
 o - a +0 helmet (worn)
Wands
 f - a wand of flame (17)
 l - a wand of iceblast (12)
Scrolls
 c - a scroll of brand weapon {unknown}
 e - a scroll of fog
 g - 2 scrolls of teleportation
Potions
 b - 3 potions of curing
 h - 3 potions of degeneration {unknown}
 i - a potion of lignification
 m - a potion of invisibility {unknown}
 n - a potion of cancellation {unknown}
 p - a potion of heal wounds


   Skills:
 - Level 1.7 Dodging
 - Level 1.7 Stealth
 - Level 2.0 Spellcasting
 - Level 1.0 Conjurations
 + Level 5.4 Air Magic


You had 2 spell levels left.
You knew the following spells:

 Your Spells              Type           Power      Damage    Failure   Level
a - Shock                 Conj/Air       60%        1d6       4%          1
b - Static Discharge      Conj/Air       15%        N/A       6%          2
c - Swiftness             Air            24%        N/A       4%          3

Your spell library contained the following spells:

 Spells                   Type           Power      Damage    Failure   Level
 Sublimation of Blood     Necr           2%         N/A       22%         2
 Airstrike                Air            12%        N/A       16%         4
 Petrify                  Tmut/Erth      2%         N/A       82%         4
 Irradiate                Conj/Tmut      2%         3d14      97%         5


Dungeon Overview and Level Annotations

Branches:
Dungeon (4/15)
 Temple: D:4-7

Annotations:
D:3 Sigmund
D:4 Menkaure


Innate Abilities, Weirdness & Mutations

You have an increased reservoir of magic. (+10% MP)
You shall have no god before yourself.
Your divine heritage dramatically boosts your attributes as you level up.


Message History

You hear the sound of rushing water.
There is an entrance to a sewer on this level.
Hurry and find it before the portal rusts away!
Level annotation: Menkaure
There is a stone staircase leading up here.
Casting: Shock (safe; 4% risk of failure)
Confirm with . or Enter, or press ? or * to list all spells.
Menkaure is struck by an arc of lightning.
Menkaure is lightly damaged.
The lightning grounds out.
Menkaure gestures wildly while chanting.
Menkaure seems to speed up.
Unknown command.
Casting: Static Discharge (safe; 6% risk of failure)
Confirm with . or Enter, or press ? or * to list all spells.
You miscast Static Discharge.
You are very lightly contaminated with residual magic.
Nothing appears to happen.
Menkaure casts a spell at you. Pain shoots through your body!
* * * LOW HITPOINT WARNING * * *
A goblin comes into view. It is wielding a +0 dagger.
Unknown command.
Casting: Static Discharge (safe; 6% risk of failure)
Confirm with . or Enter, or press ? or * to list all spells.
Menkaure is struck by an arc of lightning!
Menkaure is heavily damaged.
You are struck by an arc of lightning.
* * * LOW HITPOINT WARNING * * *
The lightning grounds out.
Menkaure closely misses you.
Unknown command.
Casting: Static Discharge (safe; 6% risk of failure)
Confirm with . or Enter, or press ? or * to list all spells.
Menkaure is struck by an arc of lightning!
Menkaure is severely damaged.
You are struck by an arc of lightning.
* * * LOW HITPOINT WARNING * * *
The lightning grounds out.
Menkaure hits you!
* * * LOW HITPOINT WARNING * * *
Menkaure hits you!
You die...

#.# #.# #.#
. #.# ..##
#.# ....
#.#
..##$.###.#
......g.M@#
.?##.$###.#
#. #.# ..
()# #. #..
?. #.. .
#..# ....


You could see Menkaure (fast) and a goblin.

Vanquished Creatures
  A howler monkey (D:3)
  A jelly (D:3)
  An iguana (D:3)
  2 adders
  A dart slug (D:1)
  7 bats
  4 endoplasms
  A giant cockroach (D:1)
  5 goblins
  7 hobgoblins
  3 quokkas
  5 ball pythons
  6 frilled lizards
  11 kobolds
  5 rats
60 creatures vanquished.

Vanquished Creatures (others)
  A plant (D:3)
1 creature vanquished.

Grand Total: 61 creatures vanquished

Notes
Turn   | Place    | Note
-------+----------+-------------------------------------------
     0 | D:1      | pkoi the Demigod Air Elementalist began the quest for the
                  | Orb.
     0 | D:1      | Reached XP level 1. HP: 14/14 MP: 5/5
    43 | D:1      | Reached skill level 1 in Conjurations
   375 | D:1      | Reached skill level 3 in Air Magic
   556 | D:1      | Reached XP level 2. HP: 20/20 MP: 5/7
  1515 | D:2      | Reached XP level 3. HP: 26/26 MP: 4/8
  1518 | D:2      | Learned a level 2 spell: Static Discharge
  1522 | D:2      | Learned a level 3 spell: Swiftness
  1942 | D:2      | Reached skill level 4 in Air Magic
  2654 | D:3      | Reached XP level 4. HP: 33/33 MP: 3/9
  2837 | D:3      | Noticed Sigmund
  3203 | D:3      | Reached skill level 5 in Air Magic
  3515 | D:4      | Noticed Menkaure
  3559 | D:3      | Reached XP level 5. HP: 30/38 MP: 2/10
  3646 | D:4      | Slain by Menkaure

Illustrated notes

Levels and vault maps discovered:
D:1:      dpeg_arrival_orchard, layout_loops_cross, basic_ecumenical_altar
D:2:      layout_loops_corners, basic_altar, minmay_pentomino_z2
D:3:      layout_loops_ring, vehumet_altar_wand_db, grunt_decor_one_mirror,
          serial_bayou_lake_a, uniq_sigmund
D:4:      layout_loops_ring, cheibrodos_sewer_entry_bend,
          minmay_misc_feat_pillars, kennysheep_generic_room_10, uniq_grinder,
          uniq_menkaure, uniq_crazy_yiuf_cottage

Skill      XL: |  1  2  3  4 |
---------------+-------------+-----
Conjurations   | 1 |  1.0
Spellcasting   | 2 |  2.0
Air Magic      | 3 4 5 |  5.4
Dodging        | |  1.7
Stealth        | |  1.7

Action                   |  1- 3 |  4- 6 || total
-------------------------+-------+-------++-------
Melee: Dagger            |       |     4 ||     4
       Punch             |       |     1 ||     1
 Cast: Shock             |    95 |    33 ||   128
       Static Discharge  |       |     4 ||     4
  Use: Scroll            |       |     8 ||     8
Armor: Robe              |     1 |     4 ||     5
Dodge: Dodged            |    11 |    13 ||    24
